 Dungeon Crawl Stone Soup version 0.28-a0-862-g58c29a6370 (webtiles) character file.

Game seed: 11763437519374884284

428 L0rdVetinari the Magician (level 6, -2/33 HPs)
             Began as a Gargoyle Hedge Wizard on Oct 22, 2020.
             Was an Initiate of Vehumet.
             Shot with an arrow by a centaur (9 damage)
             ... on level 5 of the Dungeon on Nov 16, 2021.
             The game lasted 00:10:52 (5273 turns).

L0rdVetinari the Magician (Gargoyle Hedge Wizard)   Turns: 5273, Time: 00:10:52

Health: -2/33      AC:  9    Str: 13    XL:     6   Next: 98%
Magic:  12/13      EV: 11    Int: 17    God:    Vehumet [......]
Gold:   139        SH:  0    Dex:  9    Spells: 6/15 levels left

rFire   . . .      SeeInvis .   m - +0 spear
rCold   . . .      Faith    .   (no shield)
rNeg    + . .      Spirit   .   b - +0 robe
rPois   ∞          Reflect  .   c - +0 hat
rElec   +          Harm     .   (no cloak)
rCorr   .          Rampage  .   j - +2 pair of gloves
Will    .....                   (no boots)
Stlth   ++........              e - amulet of inaccuracy
HPRegen 0.11/turn               (no ring)
MPRegen 0.13/turn               (no ring)

@: no status effects
A: sickness immunity, AC +4, negative energy resistance 1, electricity
resistance, torment resistance 1, petrification resistance
a: Renounce Religion


You were on level 5 of the Dungeon.
You worshipped Vehumet.
Vehumet was noncommittal.
You visited 1 branch of the dungeon, and saw 5 of its levels.

You collected 139 gold pieces.

Inventory:

Hand Weapons
 l - a +4 falchion
 m - a +0 spear (weapon)
 r - a +0 long sword
Armour
 b - a +0 robe (worn)
 c - a +0 hat (worn)
 j - a +2 pair of gloves (worn)
 k - a +1 hat
Jewellery
 a - a ring of protection from cold {unknown}
 e - an amulet of inaccuracy (around neck)
Scrolls
 d - a scroll of magic mapping
 i - a scroll of amnesia
 q - a scroll of noise {unknown}
 s - 2 scrolls of removedness
 t - a scroll of identify
 u - 2 scrolls of teleportation {unknown}
Potions
 f - a potion of ambrosia {unknown}
 g - a potion of heal wounds {unknown}
 h - a potion of attraction {unknown}
 n - 3 potions of brilliance {unknown}
 o - a potion of magic {unknown}
 p - 2 potions of curing {unknown}


   Skills:
 + Level 0.4 Fighting
 - Level 1.5 Dodging
 - Level 2.1 Stealth
 + Level 5.2 Spellcasting
 + Level 5.0 Conjurations
 - Level 0.8 Summonings
 - Level 0.8 Translocations
 * Level 1.6 Fire Magic


You had 6 spell levels left.
You knew the following spells:

 Your Spells              Type           Power      Damage    Failure   Level
a - Magic Dart            Conj           84%        1d7       1%          1
b - Blink                 Tloc           14%        N/A       14%         2
c - Conjure Flame         Conj/Fire      15%        6-21      11%         3
d - Mephitic Cloud        Conj/Pois/Air  10%        N/A       21%         3

Your spell library contained the following spells:

 Spells                   Type           Power      Damage    Failure   Level
 Slow                     Hex            16%        N/A       14%         1
 Call Imp                 Summ           7%         N/A       14%         2


Dungeon Overview and Level Annotations

Branches:
Dungeon (5/15)
 Temple: D:4-7

Altars:
Ashenzari
Dithmenos
Elyvilon
Fedhas
Gozag
Nemelex Xobeh
Sif Muna
Vehumet
Xom


Innate Abilities, Weirdness & Mutations

You are immune to sickness and miasma.
Your stone body is resilient. (AC +4)
You are immune to poison.
You resist negative energy. (rN+)
You are resistant to electric shocks. (rElec)
You are resistant to unholy torment.
You are immune to petrification.


Message History

Aiming: Magic Dart (safe; 1% risk of failure)
Press: ? - help, Shift-Dir - straight line, f/p - centaur
Aim: a centaur, quivering arrows (almost dead, confused, 100% to hit)
The magic dart hits the centaur.
The centaur is almost dead.
The sky beast flickers out of sight!
Deactivating autopickup; reactivate with Ctrl-A.
You climb upwards.
Reactivating autopickup.
There is a stone staircase leading down here.
You start resting.
Magic restored.
You open the door.
There is an open door here.
There is an open door here.
You open the door.
There is an open door here.
There is an open door here.
HP restored.
There is an open door here.
There is a stone staircase leading down here.
You climb downwards.
Found a runed falchion and 10 gold pieces.
There is a stone staircase leading up here.
You now have 139 gold pieces (gained 10).
Casting: Magic Dart (safe; 1% risk of failure)
Confirm with . or Enter, or press ? or * to list all spells.
Aiming: Magic Dart (safe; 1% risk of failure)
Press: ? - help, Shift-Dir - straight line, f - centaur
Aim: a centaur, quivering arrows (moderately wounded, wandering, hasn't noticed you, 100% to hit)
The magic dart hits the centaur.
The centaur is heavily wounded.
The centaur wields a +0 shortbow.
The centaur shoots an arrow.
The arrow hits you.
The centaur shoots an arrow.
The arrow hits you.
The centaur shoots an arrow.
The arrow hits you!
The centaur shoots an arrow.
The arrow hits you.
* * * LOW HITPOINT WARNING * * *
The centaur shoots an arrow.
The arrow hits you!
You die...

## #. #.. #.. ####
#..
##....##########
#..
.......<....@..##
#.
.......)........#
#
######..........##
#########...#
##...# ##...# #..#
#.c# #...


You could see a centaur.

Vanquished Creatures
  An ogre (D:4)
  A scorpion (D:4)
  A centaur zombie (D:2)
  An orc wizard (D:3)
  3 removed worker ants (D:4)
  5 gnolls (D:4)
  2 adders
  2 adder skeletons (D:4)
  2 worms
  3 dart slugs (D:1)
  9 orcs
  A removed leopard gecko (D:2)
  5 giant cockroaches
  20 goblins
  7 hobgoblins
  A jackal (D:3)
  2 ball pythons (D:3)
  7 bats
  5 frilled lizards
  8 kobolds
  A rat (D:3)
87 creatures vanquished.

Notes
Turn   | Place    | Note
-------+----------+-------------------------------------------
     0 | D:1      | L0rdVetinari the Gargoyle Hedge Wizard began the quest for
                  | the Orb.
     0 | D:1      | Reached XP level 1. HP: 10/10 MP: 4/4
    90 | D:1      | Reached XP level 2. HP: 5/15 MP: 0/6
   951 | D:1      | Reached XP level 3. HP: 19/19 MP: 5/8
  1238 | D:2      | Learned a level 2 spell: Blink
  1242 | D:2      | Learned a level 3 spell: Conjure Flame
  1246 | D:2      | Learned a level 3 spell: Mephitic Cloud
  1517 | D:2      | Reached XP level 4. HP: 21/24 MP: 2/10
  1687 | D:2      | Found a shadowy altar of Dithmenos.
  2106 | D:2      | Found a white marble altar of Elyvilon.
  2441 | D:3      | Found a shimmering altar of Xom.
  2478 | D:3      | Reached XP level 5. HP: 8/28 MP: 3/11
  2695 | D:3      | Found a sparkling altar of Nemelex Xobeh.
  2698 | D:3      | Found a shadowy altar of Dithmenos.
  2749 | D:3      | Found a broken altar of Ashenzari.
  3376 | D:3      | Reached skill level 1 in Fire Magic
  3691 | D:4      | Found a blossoming altar of Fedhas.
  3765 | D:4      | Found a radiant altar of Vehumet.
  3765 | D:4      | Found a shimmering blue altar of Sif Muna.
  3766 | D:4      | Found an opulent altar of Gozag.
  3777 | D:4      | Became a worshipper of Vehumet
  3907 | D:4      | Reached XP level 6. HP: 33/33 MP: 4/13
  4218 | D:4      | Reached skill level 5 in Spellcasting
  4218 | D:4      | Reached skill level 5 in Conjurations
  4789 | D:5      | Entered Level 5 of the Dungeon
  4843 | D:5      | Noticed an ice beast
  5026 | D:3      | Upgraded the game from 0.26-a0-683-g5206c1d7ac to
                  | 0.28-a0-862-g58c29a6370
  5128 | D:5      | Noticed a sky beast
  5273 | D:5      | Shot with an arrow by a centaur

Illustrated notes

Levels and vault maps discovered:
D:1:      psy_arrival_basics, layout_rooms, ebering_dispersal_statue_hall,
          hex_medium, minivault_14
D:2:      layout_rooms, elyvilon_altar_4, grunt_dithmenos_smoke
D:3:      kb_forest_paths, layout_rooms, grunt_temple_overflow_cloverleaf,
          grunt_decor_fettered
D:4:      kennysheep_spiral_hall, layout_basic, grunt_temple_overflow_open,
          fedhas_altar_2
D:5:      layout_layer_cave, chequers_mini_garden, uniq_menkaure

Skill      XL: |  1  2  3  4  5  6 |
---------------+-------------------+-----
Spellcasting   | 4 5 |  5.2
Conjurations   | 2 3 4 5 |  5.0
Fire Magic     | 1 |  1.6
Fighting       | |  0.4
Dodging        | |  1.5
Stealth        | |  2.1
Summonings     | |  0.8
Translocations | |  0.8

Action                   |  1- 3 |  4- 6 || total
-------------------------+-------+-------++-------
Melee: Dagger            |    29 |     3 ||    32
       Falchion          |       |    34 ||    34
       Spear             |       |    18 ||    18
 Cast: Magic Dart        |    86 |   175 ||   261
       Conjure Flame     |     1 |     7 ||     8
       Mephitic Cloud    |     1 |     3 ||     4
       Blink             |       |     4 ||     4
  Use: Scroll            |       |     8 ||     8
 Stab: Confused          |       |     1 ||     1
Armor: Robe              |    19 |    32 ||    51
Dodge: Dodged            |    23 |    48 ||    71
       Rpst.: Falchion   |       |    11 ||    11

Table legend: (Time is in decaauts)
 A = Elapsed time spent in this place.
 B = Non-inter-level travel time spent in this place.
 C = Inter-level travel time spent in this place.
 D = Time resting spent in this place.
 E = Time spent auto-exploring this place.
 F = Levels seen in this place.
 G = Mean time per level.
                   A        B        C        D        E       F      G
               +--------+--------+--------+--------+--------+-----+--------+
         Total |   5288 |   5037 |    251 |   1128 |   3140 |   5 | 1057.6 |
       Dungeon |   5288 |   5037 |    251 |   1128 |   3140 |   5 | 1057.6 |
               +--------+--------+--------+--------+--------+-----+--------+

Top non-repeatable levels by time:
     D:3: 1584 daAuts
     D:4: 1397 daAuts
     D:1: 1211 daAuts
     D:2: 1038 daAuts
     D:5: 57 daAuts
